 Dungeon Crawl Stone Soup version 0.29-a0-643-ga013cefcf8 (webtiles) character file.

Game seed: 16996352908986217840

90237 HoaS the Marksgargoyle (level 16, -1/103 HPs)
             Began as a Gargoyle Hunter on June 19, 2022.
             Was the Champion of Okawaru.
             Slain by a white ugly thing (35 damage)
             ... on level 14 of the Dungeon.
             The game lasted 01:06:45 (25082 turns).

HoaS the Marksgargoyle (Gargoyle Hunter)           Turns: 25082, Time: 01:06:45

Health: -1/103     AC: 38    Str: 16    XL:     16   Next: 0%
Magic:  23/23      EV: 24    Int: 11    God:    Okawaru [******]
Gold:   2248       SH:  0    Dex: 19    Spells: 15/15 levels left

rFire   . . .      SeeInvis .   a - +6 shortbow (vorpal)
rCold   . . .      Faith    .   (shield currently unavailable)
rNeg    + . .      Spirit   .   R - +0 acid dragon scales rPois āˆž Reflect .
                                q - +0 hat of Okawaru's Hope {Regen+ rCorr}
rElec   +          Harm     .   L - +1 cloak {Stlth+}
rCorr   +          Rampage  .   I - +0 pair of gloves
Will    +....                   v - +1 pair of boots
Stlth   ++++......              C - amulet of regeneration
HPRegen 1.87/turn               l - +4 ring of protection
MPRegen 0.18/turn               G - +4 ring of protection

@: heroic, flying
A: sickness immunity, AC +12, big wings, negative energy resistance 1,
electricity resistance, torment resistance 1, petrification resistance
a: Renounce Religion, Heroism, Finesse, Duel


You were on level 14 of the Dungeon.
You worshipped Okawaru.
Okawaru was exalted by your worship.
You visited 4 branches of the dungeon, and saw 23 of its levels.
You also visited: Ice Cave.

You collected 2977 gold pieces.
You spent 729 gold pieces at shops.

Inventory:

Hand Weapons
 a - a +6 vorpal shortbow (weapon)
 O - a +9 longbow of flaming
Missiles
 r - 4 throwing nets
Armour
 q - the +0 hat of Okawaru's Hope (worn) {Regen+ rCorr}
   (Okawaru gifted it to you on level 6 of the Lair of Beasts)

   Regen:     It increases your rate of health regeneration.
   rCorr:     It protects you from acid and corrosion.
 v - a +1 pair of boots (worn)
 I - a +0 pair of gloves (worn)
 L - a +1 cloak of stealth (worn)
 R - +0 acid dragon scales (worn)
 S - a +4 chain mail of fire resistance
Jewellery
 h - a ring of protection from fire
 j - the ring "Redoas" {Ice MP+9 Slay+3}
   (You found it on level 4 of the Dungeon)

   [ring of ice]

   It enhances your ice magic.
   Slay:      It affects your accuracy & damage with ranged weapons and melee
   (+3).
   rF:        It makes you vulnerable to fire.
   rC:        It protects you from cold.
   MP:        It affects your magic capacity (+9).
 k - a ring of ice
 l - a +4 ring of protection (left hand)
 y - a ring of ice
 C - an amulet of regeneration (around neck)
 F - a ring of fire
 G - a +4 ring of protection (right hand)
 J - a ring of willpower
 K - a ring of see invisible
 P - a ring of positive energy
Wands
 o - a wand of paralysis (30)
 s - a wand of iceblast (34)
 t - a wand of flame (66)
 x - a wand of digging (6)
 H - a wand of mindburst (26)
 M - a wand of polymorph (5)
Scrolls
 b - 3 scrolls of identify
 c - 3 scrolls of immolation
 g - 3 scrolls of fear
 m - a scroll of poison
 p - 4 scrolls of teleportation
 u - 3 scrolls of blinking
 D - 2 scrolls of fog
 N - 2 scrolls of silence
 Q - a scroll of magic mapping
Potions
 d - 4 potions of ambrosia
 e - 19 potions of curing
 f - 6 potions of attraction
 i - 5 potions of mutation
 n - a potion of invisibility
 w - 3 potions of berserk rage
 z - a potion of cancellation
 A - a potion of might
 B - 5 potions of lignification
 E - 2 potions of resistance
 T - a potion of haste


   Skills:
 + Level 12.4(17.4) Fighting
 - Level 16.0(21.0) Bows
 + Level 12.2(17.2) Armour
 * Level 13.4(18.4) Dodging
 - Level 1.1(6.1) Stealth
 - Level 9.5 Invocations


You had 15 spell levels left.
You didn't know any spells.
Your spell library contained the following spells:

 Spells                   Type           Power      Damage    Failure   Level
 Apportation              Tloc           0%         N/A       41%         1
 Beastly Appendage        Tmut           0%         N/A       41%         1
 Freeze                   Ice            0%         1d3       41%         1
 Magic Dart               Conj           0%         1d3       41%         1
 Necrotize                Necr           0%         1d4       41%         1
 Shock                    Conj/Air       0%         1d3       41%         1
 Sting                    Tmut/Pois      0%         1d3       41%         1
 Blink                    Tloc           0%         N/A       54%         2
 Poisonous Vapours        Pois/Air       0%         N/A       54%         2
 Searing Ray              Conj           0%         2d4       54%         2
 Wereblood                Tmut           0%         N/A       54%         2
 Conjure Flame            Conj/Fire      0%         6-21      78%         3
 Frozen Ramparts          Ice            0%         1d2       78%         3
 Ignite Poison            Fire/Tmut/Pois 0%         N/A       78%         3
 Inner Flame              Hex/Fire       0%         N/A       78%         3
 Lesser Beckoning         Tloc           0%         N/A       78%         3
 Ozocubu's Armour         Ice            0%         N/A       78%         3
 Spider Form              Tmut/Pois      0%         N/A       78%         3
 Swiftness                Air            0%         N/A       78%         3
 Airstrike                Air            0%         N/A       99%         4
 Cause Fear               Hex            0%         N/A       99%         4
 Fulminant Prism          Conj/Hex       0%         3d6       99%         4
 Hailstorm                Conj/Ice       0%         3d3       99%         4
 Olgreb's Toxic Radiance  Pois           0%         N/A       99%         4
 Sticky Flame             Conj/Fire      0%         2d3       99%         4
 Alistair's Intoxication  Tmut/Pois      0%         N/A       100%        5
 Borgnjor's Vile Clutch   Necr/Erth      0%         N/A       100%        5
 Manifold Assault         Tloc           0%         N/A       100%        5
 Metabolic Englaciation   Hex/Ice        0%         N/A       100%        5
 Eringya's Noxious Bog    Tmut/Pois      0%         N/A       100%        6
 Discord                  Hex            0%         N/A       100%        8
 Summon Small Mammal      Summ           Unusable   N/A       N/A         1
 Simulacrum               Ice/Necr       Unusable   N/A       N/A         6

Dungeon Overview and Level Annotations

Branches:
Dungeon (14/15)            Temple (1/1) D:7            Lair (6/6) D:9
 Shoals (0/4) Lair:2        Snake (0/4) Lair:3        Slime (0/5) Lair:5
    Orc (2/2) D:11            Elf (0/3) Orc:2        Vaults (0/5) D:13
  IceCv (visited)

Altars:
Ashenzari
Cheibriados
Dithmenos
Elyvilon
Fedhas
Gozag
Hepliaklqana
Kikubaaqudgha
Makhleb
Nemelex Xobeh
Okawaru
Qazlal
Ru
Sif Muna
Trog
Uskayaw
Vehumet
Wu Jian
Xom
Yredelemnul
Zin
The Shining One
Beogh
Jiyva

Shops:
D:7 *   D:9 !   D:10 (   D:12 [   D:13 !   Orc:2 *(*[[

Portals:
Hell: Lair:6

Annotations:
D:12 2 transporters, Wobentar's ghost, journeyman MiBe
D:14 Nessos
Lair:4 2 transporters, 1 runed translucent door, smoky173's ghost, journeyman MiFi


Innate Abilities, Weirdness & Mutations

You are immune to sickness and miasma.
Your stone body is resilient. (AC +12)
You are immune to poison.
Your large and strong wings let you fly.
You resist negative energy. (rN+)
You are resistant to electric shocks. (rElec)
You are resistant to unholy torment.
You are immune to petrification.


Message History

The cyan ugly thing pecks you but does no damage.
Shoot: a) +6 shortbow (vorpal)
Press: ? - help, Q - select action, (/) - cycle Shift-Dir - straight line, f/p - cyan ugly thing
Aim: a cyan ugly thing (lightly wounded, 78% to hit)
You shoot an arrow. The arrow hits the cyan ugly thing!
The cyan ugly thing is heavily wounded.
The cyan ugly thing misses you.
Shoot: a) +6 shortbow (vorpal)
Press: ? - help, Q - select action, (/) - cycle Shift-Dir - straight line, f/p - cyan ugly thing
Aim: a cyan ugly thing (heavily wounded, 78% to hit)
You shoot an arrow. The arrow hits the cyan ugly thing!!
The cyan ugly thing is severely wounded.
Shoot: a) +6 shortbow (vorpal)
Press: ? - help, Q - select action, (/) - cycle Shift-Dir - straight line, f/p - cyan ugly thing
Aim: a cyan ugly thing (severely wounded, 78% to hit)
You shoot an arrow. The arrow hits the cyan ugly thing!
The cyan ugly thing is almost dead.
The cyan ugly thing barely misses you.
Shoot: a) +6 shortbow (vorpal)
Press: ? - help, Q - select action, (/) - cycle Shift-Dir - straight line, f/p - cyan ugly thing
Aim: a cyan ugly thing (almost dead, 78% to hit)
You shoot an arrow. The arrow hits the cyan ugly thing!
You kill the cyan ugly thing!
Okawaru accepts your kill.
You have reached level 16!
You feel clever.
You start resting.
HP restored.
You fly downwards.
Level annotation: Nessos Nessos shoots an arrow.
The arrow hits you! The arrow burns you.
The centaur warrior shoots an arrow.
The arrow hits you. The white ugly thing claws you.
The white ugly thing freezes you!
Nessos mumbles some strange words.
Nessos seems to speed up.
There is a stone staircase leading up here.
Nessos shoots an arrow.
The arrow hits you!! The arrow burns you.
The centaur warrior shoots an arrow.
The arrow barely misses you. The white ugly thing claws you!
The white ugly thing freezes you!!
You die...

# ##. .
##.. ..
##..# ...#
..(.
..c..#[)#
#...u.#
#....@#
...#......#
..........#
.....c....#
.........##
..!.......
.(........
...........
>.......
eā—‹.


You could see Nessos (fast), a white ugly thing and a centaur warrior.

Vanquished Creatures
  Rupert (D:13)
  Kirke (D:12)
  An orc warlord (Orc:1)
  An ironbound preserver (D:13)
  A dire elephant (Lair:6)
  Josephine (Lair:5)
  8 hydras
  4 two-headed ogres
  2 ironbound frosthearts (IceCv)
  3 centaur warriors (D:13)
  10 death yaks
  An orc high priest (Orc:2)
  A sun demon (Lair:6)
  Urug (Lair:2)
  Sonja (Lair:5)
  5 skeletal warriors
  A wizard (Lair:6)
  A lindwurm (Lair:6)
  A deep elf pyromancer (D:14)
  3 orc sorcerers (Orc:2)
  6 ugly things
  A cyclops (D:14)
  A merfolk siren (Lair:2)
  6 elephants
  A manticore (D:13)
  A gargoyle (D:11)
  4 black mambas
  Maggie (D:6)
  An unseen horror (D:13)
  An ice statue (IceCv)
  An orange demon (Lair:6)
  8 cane toads
  3 unseen horror zombies (D:8)
  6 komodo dragons
  A yaktaur (D:13)
  4 kobold demonologists
  11 rime drakes
  4 ice devils
  A hellwing (Lair:6)
  2 red devils (Lair:6)
  3 merfolk (Lair:2)
  15 polar bears
  15 blink frogs
  3 slime creatures (D:12)
  5 dream sheep (Lair:5)
  A shadow (D:11)
  2 vampires
  91 yaks
  13 wyverns
  Grum (D:9)
  4 wraiths
  A human (D:13)
  A yak (shapeshifter) (D:13)
  2 steam dragons
  5 basilisks
  4 hogs
  8 vampire mosquitoes
  2 wargs (Orc:2)
  Menkaure (D:4)
  4 nagas (Lair:3)
  5 hell hounds
  3 acid dragons
  Duvessa (D:7)
  22 water moccasins
  23 orc warriors
  An ice beast (D:7)
  9 black bears
  An ogre (Orc:1)
  29 wolves
  8 centaurs
  A phantom (D:7)
  6 kobold brigands
  Blork the orc (D:6)
  15 bullfrogs
  4 gnoll sergeants
  4 wyvern zombies (D:8)
  6 scorpions
  9 wights
  Dowan (D:7)
  18 killer bees
  An electric eel (D:12)
  5 howler monkeys
  3 centaur zombies (D:8)
  11 hounds
  Crazy Yiuf (D:2)
  12 orc priests
  3 jellies
  Jessica (D:3)
  6 gnoll shamans
  2 iguanas
  28 orc wizards
  12 hell rats
  2 killer bee zombies (D:8)
  A howler monkey zombie (D:8)
  21 gnolls
  6 adders
  2 white imps
  4 worms
  3 dart slugs
  74 orcs
  9 ball pythons
  4 bats
  2 endoplasms
  4 giant cockroaches
  8 hobgoblins
  5 jackals
  19 kobolds
  2 quokkas
  4 frilled lizards
  5 goblins
  4 rats (D:2)
724 creatures vanquished.

Vanquished Creatures (others)
  A cyclops (D:13)
  A bush (Lair:4)
  35 fungi
  38 plants
75 creatures vanquished.

Grand Total: 799 creatures vanquished

Notes
Turn   | Place    | Note
-------+----------+-------------------------------------------
     0 | D:1      | HoaS the Gargoyle Hunter began the quest for the Orb.
     0 | D:1      | Reached XP level 1. HP: 12/12 MP: 1/1
    69 | D:1      | Reached XP level 2. HP: 17/17 MP: 2/2
   163 | D:1      | Found a faded altar of an unknown god.
   909 | D:2      | Reached XP level 3. HP: 21/21 MP: 3/3
  1000 | D:2      | Reached skill level 5 in Bows
  1618 | D:2      | Found a runed translucent door.
  1619 | D:2      | Noticed Crazy Yiuf
  1784 | D:3      | Reached XP level 4. HP: 26/26 MP: 4/4
  1956 | D:3      | Reached skill level 6 in Bows
  2019 | D:3      | Reached XP level 5. HP: 30/30 MP: 5/5
  2454 | D:3      | Noticed Jessica
  2458 | D:3      | Killed Jessica
  2460 | D:3      | Reached skill level 7 in Bows
  2535 | D:4      | Noticed Menkaure
  2540 | D:4      | Killed Menkaure
  2541 | D:4      | Reached XP level 6. HP: 25/35 MP: 6/6
  2731 | D:4      | Noticed a black bear
  2743 | D:4      | Killed a black bear
  2744 | D:4      | Reached skill level 8 in Bows
  2899 | D:4      | Reached XP level 7. HP: 40/40 MP: 7/7
  2931 | D:4      | Identified the ring "Redoas" {Ice MP+9 Slay+3}
  2937 | D:4      | Found a glowing silver altar of Zin.
  3598 | D:4      | Found an opulent altar of Gozag.
  3792 | D:2      | Killed Crazy Yiuf
  3898 | D:5      | Entered Level 5 of the Dungeon
  3953 | D:4      | Reached skill level 9 in Bows
  4145 | D:5      | Reached XP level 8. HP: 44/44 MP: 8/8
  4443 | D:5      | Reached skill level 10 in Bows
  4889 | D:6      | Reached skill level 11 in Bows
  4909 | D:6      | Noticed Maggie
  4930 | D:6      | Killed Maggie
  5209 | D:6      | Reached XP level 9. HP: 35/48 MP: 9/9
  5470 | D:6      | Reached skill level 12 in Bows
  5875 | D:6      | Noticed Blork the orc
  5879 | D:6      | Killed Blork the orc
  5948 | D:6      | Reached skill level 13 in Bows
  6424 | D:7      | Found Qajanip's Elemental Accessories.
  6436 | D:7      | Noticed Dowan
  6437 | D:7      | Noticed Duvessa
  6474 | D:7      | Killed Duvessa
  6475 | D:7      | Reached skill level 14 in Bows
  6821 | D:7      | Found a staircase to the Ecumenical Temple.
  6827 | Temple   | Entered the Ecumenical Temple
  7253 | Temple   | Became a worshipper of Warmaster Okawaru
  7346 | D:7      | Reached XP level 10. HP: 52/53 MP: 10/10
  7482 | D:7      | Killed Dowan
  7483 | D:7      | Reached skill level 1 in Invocations
  8194 | D:8      | Reached * piety under Okawaru
  8253 | D:7      | Reached skill level 15 in Bows
  8654 | D:8      | Reached ** piety under Okawaru
  8970 | D:9      | Reached skill level 16 in Bows
  9087 | D:9      | Reached skill level 1 in Armour
  9097 | D:9      | Reached *** piety under Okawaru
  9098 | D:9      | Reached XP level 11. HP: 59/59 MP: 13/13
  9203 | D:9      | Found a staircase to the Lair.
  9545 | D:9      | Noticed Grum
  9553 | D:9      | Killed Grum
  9816 | D:9      | Found Ruif's Distillery.
  9823 | D:9      | Bought a potion of curing for 36 gold pieces
  9823 | D:9      | Bought a potion of curing for 36 gold pieces
  9823 | D:9      | Bought a potion of heal wounds for 60 gold pieces
  9861 | D:9      | Reached **** piety under Okawaru
 10111 | Lair:1   | Entered Level 1 of the Lair of Beasts
 10206 | Lair:1   | Identified the +7 chain mail "Zofedag" {rPois Will+ Int+6}
 10660 | Lair:1   | Reached skill level 5 in Dodging
 10759 | Lair:1   | Reached ***** piety under Okawaru
 10760 | Lair:1   | Reached skill level 5 in Fighting
 11099 | Lair:1   | Reached skill level 5 in Armour
 11612 | Lair:2   | Reached XP level 12. HP: 69/69 MP: 14/14
 11808 | Lair:2   | Identified the +9 glaive "Beastbane" {vorpal, Dex+5}
                  | (Okawaru gifted it to you on level 2 of the Lair of Beasts)
 11808 | Lair:2   | Received a gift from Okawaru
 11910 | Lair:2   | Noticed Urug
 11910 | Lair:2   | Paralysed by Urug for 4 turns
 11926 | Lair:2   | Paralysed by Urug for 3 turns
 11941 | Lair:2   | Killed Urug
 12142 | Lair:2   | Found a staircase to the Shoals.
 13073 | Lair:3   | Found a staircase to the Snake Pit.
 13398 | Lair:2   | Received a gift from Okawaru
 13958 | Lair:4   | Found a transporter.
 13992 | Lair:4   | Noticed an eight-headed hydra
 14002 | Lair:4   | Killed an eight-headed hydra
 14003 | Lair:4   | Reached skill level 5 in Invocations
 14006 | Lair:4   | Found a runed translucent door.
 14107 | Lair:4   | Reached XP level 13. HP: 78/78 MP: 16/16
 14237 | Lair:4   | Found a transporter.
 14533 | Lair:4   | Received a gift from Okawaru
 14611 | Lair:4   | Found a shimmering altar of Xom.
 14611 | Lair:4   | Noticed smoky173's ghost (journeyman MiFi)
 14612 | Lair:4   | Identified the +12 morningstar of Zin's Regard {chaos,
                  | SInv}
 15117 | Lair:5   | Reached ****** piety under Okawaru
 15134 | Lair:5   | Received a gift from Okawaru
 15282 | Lair:5   | Found a viscous altar of Jiyva.
 15282 | Lair:5   | Found a staircase to the Slime Pits.
 15686 | Lair:6   | Entered Level 6 of the Lair of Beasts
 15864 | Lair:5   | Reached skill level 10 in Dodging
 16035 | Lair:6   | Gained mutation: Your large and strong wings let you fly.
                  | [Gargoyle growth]
 16035 | Lair:6   | Reached XP level 14. HP: 86/86 MP: 19/19
 16065 | Lair:6   | Identified the +0 hat of Okawaru's Hope {Regen+ rCorr}
                  | (Okawaru gifted it to you on level 6 of the Lair of Beasts)
 16065 | Lair:6   | Received a gift from Okawaru
 16516 | Lair:6   | Noticed a dire elephant
 16545 | Lair:6   | Killed a dire elephant
 16632 | Lair:6   | Reached skill level 10 in Fighting
 16674 | Lair:6   | Found a burning altar of Makhleb.
 16818 | Lair:6   | Noticed Sonja
 16818 | Lair:6   | Noticed Josephine
 16840 | Lair:5   | Killed Josephine
 16878 | Lair:5   | Killed Sonja
 17087 | Lair:6   | Reached skill level 10 in Armour
 17403 | Lair:6   | Found a gateway to Hell.
 17410 | Lair:6   | Identified the +5 shortbow "Gepehoe" {speed, rPois rC+
                  | Stlth-}
 17586 | D:10     | Entered Level 10 of the Dungeon
 17608 | D:10     | Found Erucoitz's Antique Weapon Shoppe.
 18326 | D:11     | Found a frozen archway.
 18346 | IceCv    | Entered an ice cave
 18522 | IceCv    | Received a gift from Okawaru
 18989 | IceCv    | Reached XP level 15. HP: 84/93 MP: 20/22
 19777 | D:11     | Found a staircase to the Orcish Mines.
 19993 | D:11     | Identified the +1 robe of Okawaru's Vengeance {rC+ Stlth+}
                  | (Okawaru gifted it to you on level 11 of the Dungeon)
 19993 | D:11     | Received a gift from Okawaru
 20457 | D:12     | Found a bloodstained altar of Trog.
 20457 | D:12     | Noticed Wobentar's ghost (journeyman MiBe)
 20639 | D:12     | Found a white marble altar of Elyvilon.
 20729 | D:12     | Found Bolucio's Antique Armour Shop.
 21030 | D:12     | Found a transporter.
 21033 | D:12     | Found a transporter.
 21121 | Orc:1    | Entered Level 1 of the Orcish Mines
 21829 | Orc:2    | Entered Level 2 of the Orcish Mines
 22722 | Orc:2    | Found a staircase to the Elven Halls.
 22755 | Orc:2    | Found Kumiteom's Assorted Antiques.
 23051 | Orc:2    | Found Muth's General Store.
 23060 | Orc:2    | Bought a scroll of teleportation for 42 gold pieces
 23312 | Orc:2    | Found Ditseob's Armour Boutique.
 23457 | Orc:2    | Noticed an orc warlord
 23529 | Orc:1    | Killed an orc warlord
 23796 | Orc:2    | Found Attiny's Antique Weapon Boutique.
 23797 | Orc:2    | Found Kism's Antique Armour Shop.
 23804 | Orc:2    | Bought a pair of faintly humming boots for 285 gold pieces
 23804 | Orc:2    | Identified the +1 pair of boots "Jokhia" {rPois Will- Int+4
                  | Slay+3} (You bought it in a shop on level 2 of the Orcish
                  | Mines)
 24027 | D:13     | Noticed Rupert
 24062 | D:13     | Killed Rupert
 24145 | D:13     | Found Moujyfupe's Distillery.
 24152 | D:13     | Bought a potion of invisibility for 120 gold pieces
 24152 | D:13     | Bought a potion of curing for 45 gold pieces
 24152 | D:13     | Bought a potion of curing for 45 gold pieces
 24152 | D:13     | Bought a potion of might for 60 gold pieces
 24281 | D:13     | Noticed Kirke
 24320 | D:12     | Killed Kirke
 24436 | D:13     | Found a gate to the Vaults.
 24568 | D:13     | Received a gift from Okawaru
 24965 | D:14     | Noticed Nessos
 25058 | D:13     | Reached XP level 16. HP: 62/103 MP: 23/23
 25082 | D:14     | Slain by a white ugly thing

Illustrated notes

Levels and vault maps discovered:
D:1:      mrwooster_arrival_statue_2, layout_basic,
          ebering_ecumenical_altar_box, nicolae_wormholes
D:2:      kennysheep_six_static_rooms, layout_basic, minivault_5,
          dk_noncrumbling_3, uniq_crazy_yiuf_cottage
D:3:      layout_loops_ring, uniq_jessica
D:4:      layout_basic, pdpol_temple_overflow_zin_treasury_gozag_greed,
          minmay_starry_boxes, uniq_menkaure
D:5:      layout_loops_cross, corexii_item_surrounded_by_moat, minmay_between
D:6:      layout_loops_ring, uniq_blork_the_orc, uniq_maggie
D:7:      layout_cave_pods, temple_statues, nicolae_elemental_shop, uniq_duvessa
D:8:      layout_rooms, serial_undead, serial_undead_a, serial_undead_f,
          serial_undead_a, serial_undead_f
D:9:      layout_cave_pools, david_lair_generic, serial_gnoll_camp,
          gnoll_camp_mini_hut, grums_kennel, gnoll_camp_mini_shop,
          gnoll_camp_mini_hut, gnoll_camp_huts_basic, gnoll_camp_mini_hut
D:10:     layout_roguey, serial_shops, nicolae_lakefront_shop
D:11:     layout_loops_ring, orc_0_dummy, portal_ice_cave_demonic_guard,
          palyth_stone_intersect
D:12:     layout_layer_cave, serial_shops, shop,
          gammafunk_ghost_wrathful_warriors, nicolae_elyvilon_temple_path
D:13:     layout_cave_pools, skrybe_vaults_entry_preservation, serial_shops,
          nicolae_shop_stone, uniq_rupert, uniq_kirke
D:14:     layout_rooms, pdpol_wu_jian_five_deadly_venoms, okawaru_trees_1,
          uniq_nessos
Temple:   mainiacjoe_temple_big_plus
Lair:1:   layout_cave_pods, serial_bayou_shore_a
Lair:2:   layout_small_grid, elwin_shoals_entry_stream, beast_lair_carwin_10,
          grunt_megastairs_2, uniq_urug
Lair:3:   layout_roguey, guppyfry_snake_entry_garden
Lair:4:   gammafunk_cloud_chamber, layout_loops_ring, ebering_ghost_xom,
          grunt_megastairs_4
Lair:5:   layout_misc_corridors, dpeg_slime_entry_enclosed_altar, special_room
          [special_room_mythical_zoo]
Lair:6:   evil_forest, layout_regular_city, uniq_sonja, uniq_josephine
Orc:1:    layout_caves, nicolae_orc_sculptors_studio, library_closet
Orc:2:    grunt_orc_community_town_hall, layout_caves,
          grunt_orc_community_big_house_1, grunt_orc_community_big_house_2,
          grunt_orc_community_house_2, grunt_orc_community_house_1,
          grunt_orc_community_house_1, grunt_orc_community_house_1,
          serial_shops, shop

Skill      XL: |  1  2  3  4  5  6  7  8  9 10 11 12 13 14 15 |
---------------+----------------------------------------------+-----
Bows           | 5 6 7 8 9 11 14 16 | 16.0
Invocations    | 3 5 7 9 |  9.5
Dodging        | 2 6 8 10 11 13 | 13.4
Armour         | 1 5 7 9 10 12 | 12.2
Fighting       | 5 7 9 10 12 | 12.4
Stealth        | |  1.1

Action                   |  1- 3 |  4- 6 |  7- 9 | 10-12 | 13-15 | 16-18 || total
-------------------------+-------+-------+-------+-------+-------+-------++-------
Melee: Shortbow          |       |       |       |       |     5 |       ||     5
 Fire: Shortbow          |    84 |    95 |   379 |  1087 |  2214 |       ||  3859
Throw: Throwing net      |       |       |       |     2 |       |       ||     2
Invok: Heroism           |       |       |       |     4 |     6 |       ||    10
Evoke: Wand              |       |       |     1 |       |       |       ||     1
  Use: Scroll            |    10 |     5 |     9 |    15 |     8 |       ||    47
       Potion            |       |     1 |     2 |     2 |     9 |       ||    14
Armor: Leather armour    |     4 |    10 |   113 |   106 |       |       ||   233
       Steam dragon scal |       |       |       |   159 |   208 |       ||   367
       Acid dragon scale |       |       |       |       |   336 |       ||   336
Dodge: Dodged            |     9 |     8 |   120 |   333 |  1004 |     1 ||  1475

Table legend: (Time is in decaauts)
 A = Elapsed time spent in this place.
 B = Non-inter-level travel time spent in this place.
 C = Inter-level travel time spent in this place.
 D = Time resting spent in this place.
 E = Time spent auto-exploring this place.
 F = Levels seen in this place.
 G = Mean time per level.
                   A        B        C        D        E       F      G
               +--------+--------+--------+--------+--------+-----+--------+
         Total |  24269 |  22950 |   1319 |   3992 |  13514 |  24 | 1011.2 |
       Dungeon |  13227 |  12366 |    861 |   2178 |   7368 |  14 |  944.8 |
        Temple |    464 |    391 |     73 |      0 |    385 |   1 |  464.0 |
          Lair |   7018 |   6731 |    287 |    677 |   4416 |   6 | 1169.7 |
  Orcish Mines |   2610 |   2513 |     97 |   1082 |    951 |   2 | 1305.0 |
      Ice Cave |    947 |    947 |      0 |     53 |    393 |   1 |  947.0 |
               +--------+--------+--------+--------+--------+-----+--------+

Top non-repeatable levels by time:
     D:7: 1581 daAuts
  Lair:6: 1495 daAuts
  Lair:2: 1488 daAuts
   Orc:1: 1429 daAuts
     D:4: 1426 daAuts
  Lair:1: 1343 daAuts
     D:2: 1261 daAuts
   Orc:2: 1181 daAuts
     D:9: 1174 daAuts
     D:5: 1083 daAuts
    D:11: 1049 daAuts
  Lair:5: 984 daAuts
  Lair:4: 977 daAuts
   IceCv: 947 daAuts
    D:12: 930 daAuts
